 Dungeon Crawl Stone Soup version 0.31-a0-699-g830162fb6c (webtiles) character file.

Game seed: 14738110192615904508

98 qw the Shooter (level 4, -7/28 HPs)
             Began as a Gargoyle Hunter on Sept 7, 2023.
             Mangled by an ogre
             ... wielding a +0 giant club
              (10 damage)
             ... on level 3 of the Dungeon.
             The game lasted 00:00:33 (1492 turns).

qw the Shooter (Gargoyle Hunter)                    Turns: 1492, Time: 00:00:34

Health: -7/28      AC:  8    Str: 15    XL:     4   Next: 69%
Magic:  4/4        EV: 11    Int:  9    God:
Gold:   88         SH:  0    Dex: 15    Spells: 3/3 levels left

rFire   . . .        Y - +0 shortbow (elec)
rCold   . . .        (shield currently unavailable)
rNeg    + . .        g - +0 ring mail
rPois   inf          (no helmet)
rElec   +            (no cloak)
rCorr   .            (no gloves)
SInv    .            (no boots)
Will    .....        (no amulet)
Stlth   +            (no ring)
HPRegen 0.24/turn    (no ring)
MPRegen 0.09/turn

%: no passive effects
@: no status effects
A: sickness immunity, AC +3, negative energy resistance 1, electricity
resistance, torment resistance 1, petrification resistance
a: no special abilities


You were on level 3 of the Dungeon.
You visited 1 branch of the dungeon, and saw 3 of its levels.

You collected 88 gold pieces.


Innate Abilities, Weirdness & Mutations

You are immune to sickness and miasma.
Your stone body is resilient. (AC +3)
You are immune to poison.
You resist negative energy. (rN+)
You are resistant to electric shocks. (rElec)
You are resistant to unholy torment.
You are immune to petrification.


   Skills:
 - Level 3.1 Fighting
 + Level 5.3 Ranged Weapons
 - Level 1.3 Armour
 - Level 1.5 Dodging
 - Level 1.1 Stealth


You had 3 spell levels left.
You didn't know any spells.
Your spell library was empty.

Inventory:

Hand Weapons
 Y - a +0 shortbow of electrocution (weapon)
Armour
 g - a +0 ring mail (worn)
Jewellery
 h - a ring of ice
Potions
 a - a potion of ambrosia {unknown}
 b - a potion of might {unknown}
 c - a potion of attraction {unknown}
 d - a potion of heal wounds {unknown}
 e - a potion of lignification {unknown}
 f - a potion of berserk rage {unknown}
 i - a potion of curing
 l - a potion of cancellation {unknown}

Dungeon Overview and Level Annotations

Branches:
Dungeon (3/15)

Altars:
Yredelemnul

Shops:
D:2 [


Message History

c - an emerald potion An orc comes into view.
It is wielding a +0 club.
You shoot an arrow. The arrow closely misses the orc.
The orc shouts!
You shoot an arrow.
The arrow hits the orc but does no damage.
You shoot an arrow. The arrow hits the orc!
You kill the orc!
There is a stone staircase leading down here.
You now have 88 gold pieces (gained 8).
An endoplasm comes into view.
Found a club.
The endoplasm quivers.
You shoot an arrow. The arrow hits the endoplasm.
The endoplasm is severely wounded.
You shoot an arrow.
The arrow hits the endoplasm but does no damage.
The endoplasm is severely wounded.
You shoot an arrow. The arrow hits the endoplasm.
Lightning courses through the endoplasm!
You kill the endoplasm!
An ufetubus comes into view.
You shoot an arrow. The ufetubus shouts!
The arrow hits the ufetubus!
Lightning courses through the ufetubus!
You kill the ufetubus!
You hear a shout!
An ogre comes into view. It is wielding a +0 giant club.
You shoot an arrow. The arrow barely misses the ogre.
The ogre hits you with a +0 giant club.
You shoot an arrow. The arrow completely misses the ogre.
You shoot an arrow. The arrow barely misses the ogre.
The ogre hits you with a +0 giant club!!
Ouch! That really hurt!
You shoot an arrow. The arrow hits the ogre.
The ogre is moderately wounded.
The ogre barely misses you.
You shoot an arrow. The arrow barely misses the ogre.
The ogre hits you with a +0 giant club!
You die...

#.# ....#
#### #.#
....# #
#.# ....#
#.# ....#
#.# ....#
#.# ...
#.#####.#
#.....O.#
######@.#
#).# #..#
#..# #..#
#..# ...#
....


You could see an ogre.

Vanquished Creatures
  3 gnolls (D:3)
  2 adders
  An ufetubus (D:3)
  2 dart slugs
  An orc (D:3)
  2 ball pythons (D:2)
  2 endoplasms
  3 goblins
  7 hobgoblins
  4 jackals (D:1)
  5 kobolds
  5 bats
  5 rats
42 creatures vanquished.

Notes
Turn   | Place    | Note
-------+----------+-------------------------------------------
     0 | D:1      | qw the Gargoyle Hunter began the quest for the Orb.
     0 | D:1      | Reached XP level 1. HP: 12/12 MP: 1/1
     0 | D:1      | 0 ||| qw: Version: 0.3-a-76-g4403597
     0 | D:1      | 0 ||| qw: Game counter: 400
     0 | D:1      | 0 ||| qw: Melee chars always use a shield: true
     0 | D:1      | 0 ||| qw: God list: Okawaru
     0 | D:1      | 0 ||| qw: Allow faded altars: false
     0 | D:1      | 0 ||| qw: Do Orc after clearing Dungeon:15 true
     0 | D:1      | 0 ||| qw: Do second Lair branch before Depths: true
     0 | D:1      | 0 ||| qw: Lair rune preference: random
     0 | D:1      | 0 ||| qw: Goals: Normal
     0 | D:1      | 0 ||| PLANNING D:1-11
   277 | D:1      | Reached XP level 2. HP: 17/17 MP: 2/2
   875 | D:1      | 875 ||| UPGRADING to +0 ring mail.
   885 | D:1      | 885 ||| DROPPING +0 leather armour.
   886 | D:1      | 886 ||| READING scroll labelled TIRUUX JIYF.
   887 | D:1      | 887 ||| DRINKING 2 glowing golden potions.
   888 | D:1      | 888 ||| DROPPING scroll of butterflies.
   909 | D:2      | Found Luarchuet's Armour Shop.
   926 | D:2      | Reached skill level 1 in Armour
   926 | D:2      | Reached XP level 3. HP: 20/21 MP: 3/3
   929 | D:2      | 929 ||| SHOPLISTING +0 pair of gloves (58 gold, have 25).
  1056 | D:2      | Found a basalt altar of Yredelemnul.
  1104 | D:2      | Reached skill level 5 in Ranged Weapons
  1364 | D:2      | 1364 ||| READING scroll labelled TIXUIS JUAFF.
  1367 | D:2      | 1367 ||| READING scroll labelled HEEGUI MIUP.
  1368 | D:2      | 1368 ||| READING scroll labelled QYFYIVV XOANK.
  1387 | D:3      | Reached XP level 4. HP: 27/27 MP: 4/4
  1388 | D:3      | Reached skill level 3 in Fighting
  1487 | D:3      | Noticed an ogre
  1490 | D:3      | HP: 2/28 [ogre/+0 giant club (23)]
  1492 | D:3      | Mangled by an ogre

Levels and vault maps discovered:
D:1:      matt_arrival_los_fun, layout_basic, minmay_misc_feat_doors
D:2:      layout_rooms, serial_shops, shop, basic_altar
D:3:      layout_loops_ring

Skill      XL: |  1  2  3  4 |
---------------+-------------+-----
Armour         | 1 |  1.3
Ranged Weapons | 5 |  5.3
Fighting       | 3 |  3.1
Dodging        | |  1.5
Stealth        | |  1.1

Action                     |  1- 3 |  4- 6 || total
---------------------------+-------+-------++-------
   Fire: Shortbow          |   108 |    20 ||   128
    Use: Scroll            |     4 |       ||     4
         Potion            |     1 |       ||     1
 Armour: Leather armour    |    27 |       ||    27
         Ring mail         |     9 |     3 ||    12
  Dodge: Dodged            |    31 |     1 ||    32

Table legend:
 A = Non-vault XP
 B = Vault XP
 C = Vault XP percentage of total XP
 D = Non-vault monster count
 E = Vault monster count
 F = Vault count percentage of total count
                 A         B        C        D         E       F
            +---------+---------+-------+---------+---------+-------
      Total |     140 |       0 |   0.0 |      42 |       0 |   0.0
            +---------+---------+-------+---------+---------+-------
        D:1 |      29 |       0 |   0.0 |      16 |       0 |   0.0
        D:2 |      39 |       0 |   0.0 |      17 |       0 |   0.0
        D:3 |      72 |       0 |   0.0 |       9 |       0 |   0.0
            +---------+---------+-------+---------+---------+-------
